 Dungeon Crawl Stone Soup version 0.28-a0-883-gc8d7bad45d (webtiles) character file.

Game seed: 9978441608064999942

51 horus123 the Charlatan (level 3, -1/26 HPs)
             Began as a Demonspawn Artificer on Nov 21, 2021.
             Slain by a frilled lizard (2 damage)
             ... on level 2 of the Dungeon.
             The game lasted 00:02:08 (1351 turns).

horus123 the Charlatan (Demonspawn Artificer)       Turns: 1351, Time: 00:02:09

Health: -1/26      AC:  4    Str: 13    XL:     3   Next: 57%
Magic:  3/3        EV: 11    Int: 12    God:
Gold:   57         SH:  0    Dex: 13    Spells: 2/2 levels left

rFire   . . .      SeeInvis .   n - +2 short sword (flame)
rCold   . . .      Faith    .   (no shield)
rNeg    . . .      Spirit   .   b - +0 leather armour
rPois   .          Reflect  .   (no helmet)
rElec   .          Harm     .   (no cloak)
rCorr   .          Rampage  .   (no gloves)
Will    .....                   o - +0 pair of boots
Stlth   +.........              (no amulet)
HPRegen 0.08/turn               (no ring)
MPRegen 0.08/turn               (no ring)

@: no status effects
A: weakness stinger 1
a: no special abilities


You were on level 2 of the Dungeon.
You visited 1 branch of the dungeon, and saw 2 of its levels.

You collected 57 gold pieces.

Inventory:

Hand Weapons
 a - a +0 club
 j - a +0 short sword
 k - a +0 flail
 n - a +2 short sword of flaming (weapon)
Armour
 b - a +0 leather armour (worn)
 o - a +0 pair of boots (worn)
Jewellery
 l - a ring of protection from cold
Wands
 c - a wand of flame (3) (quivered)
 d - a wand of charming (15)
Scrolls
 m - a scroll of magic mapping {unknown}
Potions
 f - a potion of experience {unknown}
 g - 2 potions of cancellation {unknown}
 h - a potion of flight {unknown}
 i - a potion of attraction {unknown}
Miscellaneous
 e - a piece from Xom's chessboard (15/15)


   Skills:
 + Level 1.2 Fighting
 + Level 0.4 Short Blades
 + Level 0.1 Maces & Flails
 + Level 2.4 Armour
 + Level 1.1 Dodging
 + Level 0.9 Stealth
 + Level 3.8 Evocations


You had 2 spell levels left.
You didn't know any spells.
Your spell library was empty.

Dungeon Overview and Level Annotations

Branches:
Dungeon (2/15)

Altars:


Innate Abilities, Weirdness & Mutations

You have a small tail.


Message History

You hear an angry hiss.
There is a stone staircase leading up here.
There are monsters nearby!
Found a stone staircase leading down.
The gnoll hits you with a +0 spear.
A gnoll comes into view. It is wielding a +0 spear.
A frilled lizard comes into view.
You hit the gnoll. You burn the gnoll.
The gnoll is heavily wounded.
The gnoll hits you with a +0 spear. The gnoll closely misses you.
You puncture the gnoll! You burn the gnoll.
You kill the gnoll!
The gnoll closely misses you.
You miss the goblin. The goblin barely misses you.
The gnoll hits you but does no damage.
You closely miss the goblin. The goblin hits you but does no damage.
The gnoll hits you from afar with a +0 spear.
You barely miss the goblin.
Your tail-slap misses the goblin.
The goblin hits you but does no damage.
The gnoll hits you from afar with a +0 spear!
You are too injured to fight recklessly!
The gnoll hits you with a +0 spear.
You see here a +0 spear.
You hit the gnoll. You burn the gnoll. You tail-slap the gnoll.
The gnoll is heavily wounded.
You hear a shout!
The goblin barely misses you.
You closely miss the gnoll.
The gnoll is heavily wounded.
The goblin hits you with a +0 club.
* * * LOW HITPOINT WARNING * * *
The gnoll hits you with a +0 spear.
* * * LOW HITPOINT WARNING * * *
A gnoll comes into view. It is wielding a +0 flail.
You hit the gnoll. You burn the gnoll.
You kill the gnoll!
The frilled lizard misses you. The goblin closely misses you.
The frilled lizard closely misses you. The goblin hits you but does no damage.
You closely miss the goblin. The goblin hits you but does no damage.
The frilled lizard bites you.
You die...

# .#
####.
##...
...
#.#
#<#
#g#
#@#
#)lg#
###.#
.# .
.> ..
..#


You could see a gnoll, a goblin and a frilled lizard.

Vanquished Creatures
  2 gnolls (D:2)
  5 ball pythons (D:1)
  2 endoplasms (D:1)
  A giant cockroach (D:1)
  2 goblins (D:1)
  5 hobgoblins (D:1)
  4 kobolds (D:1)
  6 bats (D:1)
  4 rats (D:1)
31 creatures vanquished.

Notes
Turn   | Place    | Note
-------+----------+-------------------------------------------
     0 | D:1      | horus123 the Demonspawn Artificer began the quest for the
                  | Orb.
     0 | D:1      | Reached XP level 1. HP: 15/15 MP: 1/1
   161 | D:1      | Gained mutation: You have a small tail. [demonic ancestry]
   161 | D:1      | Reached XP level 2. HP: 21/21 MP: 2/2
   899 | D:1      | Reached skill level 1 in Dodging
  1104 | D:1      | Reached XP level 3. HP: 25/26 MP: 3/3
  1349 | D:2      | HP: 1/26 [gnoll (5)]
  1351 | D:2      | Slain by a frilled lizard

Illustrated notes

Levels and vault maps discovered:
D:1:      tarquinn_simple_flora_water_e, layout_loops_corners, chequers_jeans
D:2:      layout_loops_ring, shapermc_ecumenical_altar_hornbeckon,
          minmay_misc_feat_rows, kennysheep_generic_room_6

Skill      XL: |  1  2 |
---------------+-------+-----
Armour         | 2 |  2.4
Dodging        | 1 |  1.1
Fighting       | |  1.2
Short Blades   | |  0.4
Maces & Flails | |  0.1
Stealth        | |  0.9
Evocations     | |  3.8

Action                   || total
-------------------------++-------
Melee: Short sword       ||    49
       Flail             ||    13
       Tailslap          ||     6
       Club              ||     3
Evoke: Wand              ||    12
Armor: Leather armour    ||    27
Dodge: Dodged            ||    42

Table legend: (Time is in decaauts)
 A = Elapsed time spent in this place.
 B = Non-inter-level travel time spent in this place.
 C = Inter-level travel time spent in this place.
 D = Time resting spent in this place.
 E = Time spent auto-exploring this place.
 F = Levels seen in this place.
 G = Mean time per level.
                   A        B        C        D        E       F      G
               +--------+--------+--------+--------+--------+-----+--------+
         Total |   1360 |   1317 |     43 |      0 |   1082 |   2 |  680.0 |
       Dungeon |   1360 |   1317 |     43 |      0 |   1082 |   2 |  680.0 |
               +--------+--------+--------+--------+--------+-----+--------+

Top non-repeatable levels by time:
     D:1: 1348 daAuts
     D:2: 11 daAuts
